 Dungeon Crawl Stone Soup version 0.27.1-4-g1640c2035a (webtiles) character file.

Game seed: 5278042760384170847

24312 Iepvzaeh the Blocker (level 12, -8/123 HPs)
             Began as a Deep Dwarf Fighter on Nov 10, 2021.
             Was a High Priest of Makhleb.
             Mangled by a titanic slime creature (82 damage)
             ... on level 12 of the Dungeon.
             The game lasted 00:58:57 (10648 turns).

Iepvzaeh the Blocker (Deep Dwarf Fighter)          Turns: 10648, Time: 00:58:58

Health: -8/123     AC: 14    Str: 24    XL:     12   Next: 79%
Magic:  5/5        EV: 12    Int: 10    God:    Makhleb [*****.]
Gold:   688        SH: 17    Dex: 12    Spells: 11/11 levels left

rFire    . . .     SeeInvis .   a - +3 trident (vamp)
rCold    + + .     Faith    .   c - +1 kite shield
rNeg     + . .     Spirit   .   w - +3 ring mail of the Past {Slay+6}
rPois    .         Reflect  .   y - +0 helmet
rElec    +         Harm     .   (no cloak)
rCorr    .         Rampage  .   i - +1 pair of gloves
Will     +....                  (no boots)
Stlth    +.........             (no amulet)
HPRegen  0.00/turn              l - ring of protection from cold
MPRegen  0.09/turn              D - ring of positive energy

@: no status effects
A: damage resistance, heal wounds, sense surroundings 2, no regeneration, large
bone plates 1, cold resistance 1, robust 1, shaggy fur 1, electricity
resistance, evolution 1
a: Heal Wounds, Renounce Religion, Minor Destruction, Lesser Servant of Makhleb,
Major Destruction, Greater Servant of Makhleb


You were on level 12 of the Dungeon.
You worshipped Makhleb.
Makhleb was extremely pleased with you.
You visited 1 branch of the dungeon, and saw 13 of its levels.

You collected 814 gold pieces.
You spent 126 gold pieces at shops.

Inventory:

Hand Weapons
 a - a +3 vampiric trident (weapon)
 b - a +3 long sword of holy wrath
 A - a +0 war axe
 Q - a +4 whip of holy wrath
 X - a +1 vorpal shortbow
 Z - a +6 spear
Missiles
 e - a throwing net
 j - 93 poisoned darts (quivered)
 L - 22 boomerangs
 N - 256 arrows
Armour
 c - a +1 kite shield (worn)
 i - a +1 pair of gloves (worn)
 m - a +0 scale mail
 o - a +0 chain mail
 w - the +3 ring mail of the Past (worn) {Slay+6}
   (You took it off an orc on level 9 of the Dungeon)

   Slay:      It affects your accuracy & damage with ranged weapons and melee
   (+6).
 y - a +0 helmet (worn)
 G - a +1 plate armour
 R - a +0 troll leather armour
 U - +0 acid dragon scales
Jewellery
 d - a ring of protection from cold
 k - a ring of fire
 l - a ring of protection from cold (left hand)
 x - a +4 ring of slaying
 D - a ring of positive energy (right hand)
 K - an amulet of magic regeneration
 P - a ring of ice
 S - a ring of protection from cold
 V - a ring of wizardry
Wands
 t - a wand of polymorph (9)
 Y - a wand of iceblast (7)
Scrolls
 n - a scroll of vulnerability {unknown}
 p - a scroll of fog {unknown}
 q - 3 scrolls of magic mapping
 z - a scroll of blinking
 B - 2 scrolls of immolation
 E - a scroll of torment
 F - 2 scrolls of noise
 I - a scroll of fear {unknown}
 J - a scroll of acquirement {unknown}
 M - 4 scrolls of amnesia
 W - a scroll of silence {unknown}
Potions
 f - 4 potions of haste
 g - 2 potions of cancellation
 h - 2 potions of mutation
 r - a potion of ambrosia
 s - a potion of flight
 u - a potion of invisibility {unknown}
 v - a potion of lignification {unknown}
 C - 2 potions of heal wounds
 H - a potion of degeneration {unknown}
 O - 2 potions of brilliance {unknown}
Miscellaneous
 T - a phantom mirror


   Skills:
 * Level 8.5 Fighting
 + Level 1.0 Long Blades
 + Level 9.1(11.9) Axes
 * Level 10.5(11.5) Polearms
 + Level 4.1 Throwing
 + Level 8.8 Armour
 + Level 5.3 Dodging
 + Level 1.1 Stealth
 + Level 11.2 Shields
 + Level 2.1 Evocations


You had 11 spell levels left.
You didn't know any spells.
Your spell library contained the following spells:

 Spells                   Type           Power      Damage    Failure   Level
 Magic Dart               Conj           0%         1d3       65%         1
 Sting                    Tmut/Pois      0%         1d3       65%         1
 Poisonous Vapours        Pois/Air       0%         N/A       80%         2
 Searing Ray              Conj           0%         3d3       80%         2
 Slow                     Hex            0%         N/A       80%         2
 Confusing Touch          Hex            0%         N/A       95%         3
 Stone Arrow              Conj/Erth      0%         3d7       95%         3
 Tukima's Dance           Hex            0%         N/A       95%         3
 Vampiric Draining        Necr           0%         2d6       95%         3
 Animate Armour           Summ/Erth      0%         N/A       100%        4
 Fulminant Prism          Conj/Hex       0%         3d6       100%        4
 Olgreb's Toxic Radiance  Pois           0%         N/A       100%        4
 Passage of Golubria      Tloc           N/A        N/A       100%        4
 Summon Ice Beast         Ice/Summ       0%         N/A       100%        4
 Summon Mana Viper        Hex/Summ       0%         N/A       100%        5
 Yara's Violent Unravell  Hex/Tmut       0%         3d3       100%        5
 Monstrous Menagerie      Summ           0%         N/A       100%        7
 Lehudib's Crystal Spear  Conj/Erth      0%         10d2      100%        8


Dungeon Overview and Level Annotations

Branches:
Dungeon (13/15)            Temple (0/1) D:7            Lair (0/6) D:8
    Orc (0/2) D:9
 Vaults: D:13-14

Altars:
Kikubaaqudgha
Makhleb
Nemelex Xobeh
Sif Muna
Zin
The Shining One

Shops:
D:1 !   D:7 (   D:8 (   D:10 *

Annotations:
D:3 3 runed translucent doors, Sigmund; chujev's ghost, amateur DsAK
D:7 3 runed translucent doors, TangoThomas's ghost, novice BaGl
D:8 2 transporters, Walther's ghost, novice MiFi
D:10 1 transporter, Gastronok; PanSaczeczos's ghost, novice MiAK


Innate Abilities, Weirdness & Mutations

You are resistant to damage.
You can heal yourself by infusing magical energy.
You passively map the area around you.
You do not regenerate.
You are partially covered in large bone plates. (SH +4)
Your flesh is cold resistant. (rC+)
You are robust. (+10% HP)
You are covered in fur. (AC +1)
You are resistant to electric shocks. (rElec)
You evolve.


Message History

You puncture the titanic slime creature!
You feel better.
The titanic slime creature is severely wounded.
You block the titanic slime creature's attack.
You puncture the titanic slime creature!
You feel better.
The titanic slime creature is severely wounded.
You block the titanic slime creature's attack.
You completely miss the titanic slime creature.
The titanic slime creature is severely wounded.
You puncture the titanic slime creature!
The titanic slime creature is severely wounded.
You block the titanic slime creature's attack.
You hit the titanic slime creature.
The titanic slime creature is severely wounded.
The titanic slime creature hits you!
You hit the titanic slime creature.
The titanic slime creature is severely wounded.
The titanic slime creature hits you!!
You barely miss the titanic slime creature.
The titanic slime creature is severely wounded.
You block the titanic slime creature's attack.
You puncture the titanic slime creature!
You feel better.
The titanic slime creature is severely wounded.
You block the titanic slime creature's attack.
You hit the titanic slime creature.
The titanic slime creature is almost dead.
You impale the titanic slime creature!!
You feel better.
The titanic slime creature is almost dead.
You block the titanic slime creature's attack.
You barely miss the titanic slime creature.
The titanic slime creature is almost dead.
You block the titanic slime creature's attack.
You puncture the titanic slime creature!
You feel better.
The titanic slime creature is almost dead.
The titanic slime creature hits you!!!!
Ouch! That really hurt!
You die...

#################################
.................................
.....############################
####.# #.# * **### *** #.# *
,.... , #.# ....[ ,*
####.#############...... ,, ####
................@JJ..... , ,+^..
.....#############y..... ,,####
###### ....., .... , ,,..., , ..,
* * # * *


You could see a titanic slime creature, a slime creature and a vampire mosquito.

Vanquished Creatures
  A boulder beetle (D:11)
  4 two-headed ogres
  A centaur warrior (D:11)
  A skeletal warrior (D:12)
  A wizard (D:11)
  A deep elf zephyrmancer (D:11)
  An orc knight (D:11)
  6 cyclopes (D:11)
  An ugly thing (D:11)
  An orc sorcerer (D:11)
  An elephant (D:9)
  Joseph (D:10)
  A komodo dragon (D:11)
  3 kobold demonologists (D:11)
  A freezing wraith (D:12)
  7 trolls
  A hornet (D:11)
  Grinder (D:5)
  Prince Ribbit (D:9)
  A centaur simulacrum (D:11)
  A slime creature (D:11)
  4 wraiths
  20 yaks
  A wyvern (D:9)
  3 vampire mosquitoes
  A water moccasin (D:7)
  2 acid dragons (D:11)
  2 sky beasts
  An ice beast (D:8)
  2 necrophages
  8 orc warriors
  3 black bears
  4 ogres
  10 centaurs
  Blork the orc (D:5)
  8 kobold brigands
  3 bullfrogs
  3 gnoll sergeants
  2 water moccasin zombies
  3 scorpions (D:5)
  3 killer bees (D:8)
  A howler monkey (D:9)
  5 electric eels (D:11)
  5 hounds (D:5)
  3 orc priests
  2 jellies (D:7)
  10 centaur zombies
  2 bullfrog skeletons (D:5)
  A centaur skeleton (D:5)
  4 iguanas
  6 orc wizards
  2 howler monkey zombies
  10 gnolls
  4 adders
  2 ufetubi
  An adder skeleton (D:4)
  2 worms
  3 dart slugs
  24 orcs
  5 ball pythons
  4 bats
  7 endoplasms
  4 giant cockroaches
  9 goblins
  9 hobgoblins
  2 jackals (D:4)
  14 kobolds
  4 quokkas
  9 frilled lizards
  6 rats
281 creatures vanquished.

Vanquished Creatures (collateral kills)
  An orc warrior (D:8)
  A bullfrog (D:8)
  An orc priest (D:6)
  3 orcs (D:6)
  3 kobolds (D:6)
9 creatures vanquished.

Vanquished Creatures (others)
  A wyvern (D:8)
  An orc wizard (D:7)
  A fungus (D:8)
  11 plants
  A withered plant (D:2)
15 creatures vanquished.

Grand Total: 305 creatures vanquished

Notes
Turn   | Place    | Note
-------+----------+-------------------------------------------
     0 | D:1      | Iepvzaeh the Deep Dwarf Fighter began the quest for the
                  | Orb.
     0 | D:1      | Reached XP level 1. HP: 20/20 MP: 1/1
    51 | D:1      | Reached XP level 2. HP: 25/27 MP: 2/2
   176 | D:1      | Found Uvuj's Distillery.
   639 | D:2      | Reached XP level 3. HP: 31/34 MP: 3/3
   771 | D:2      | Found a faded altar of an unknown god.
   925 | D:3      | Found a runed translucent gate.
   925 | D:3      | Found a runed translucent gate.
   925 | D:3      | Found a runed translucent gate.
   945 | D:3      | Noticed chujev's ghost (amateur DsAK)
  1077 | D:3      | Reached skill level 4 in Shields
  1202 | D:3      | Noticed Sigmund
  1244 | D:4      | Reached XP level 4. HP: 35/42 MP: 3/3
  1288 | D:4      | Reached XP level 5. HP: 37/49 MP: 4/4
  1311 | D:4      | Found a burning altar of Makhleb.
  1317 | D:4      | Became a worshipper of Makhleb the Destroyer
  1331 | D:4      | Noticed a necrophage
  1351 | D:4      | Killed a necrophage
  1394 | D:4      | Reached XP level 6. HP: 33/56 MP: 5/5
  1485 | D:4      | Reached skill level 1 in Throwing
  2315 | D:4      | Found a sparkling altar of Nemelex Xobeh.
  2340 | D:4      | Found a glowing golden altar of the Shining One.
  2686 | D:1      | Bought a potion of curing for 42 gold pieces
  2686 | D:1      | Bought a potion of curing for 42 gold pieces
  2686 | D:1      | Bought a potion of curing for 42 gold pieces
  2777 | D:3      | Reached * piety under Makhleb
  2924 | D:5      | Entered Level 5 of the Dungeon
  2979 | D:5      | Noticed Blork the orc
  2984 | D:5      | Killed Blork the orc
  2985 | D:5      | Reached skill level 5 in Shields
  3034 | D:5      | Reached skill level 5 in Axes
  3056 | D:5      | Noticed Grinder
  3065 | D:5      | Paralysed by Grinder for 5 turns
  3079 | D:5      | Reached XP level 7. HP: 21/62 MP: 6/6
  3085 | D:5      | Killed Grinder
  3086 | D:5      | Reached skill level 5 in Armour
  3086 | D:5      | Reached skill level 1 in Dodging
  3196 | D:5      | Reached XP level 8. HP: 35/72 MP: 6/6
  3295 | D:5      | Gained mutation: You are partially covered in iridescent
                  | scales. (AC +2) [potion of mutation]
  3359 | D:5      | Lost mutation: You are partially covered in iridescent
                  | scales. (AC +2) [potion of mutation]
  3359 | D:5      | Gained mutation: You are clumsy. (Dex -2) [potion of
                  | mutation]
  3359 | D:5      | Gained mutation: You are resistant to electric shocks.
                  | (rElec) [potion of mutation]
  3359 | D:5      | Gained mutation: Your muscles are strong. (Str +2) [potion
                  | of mutation]
  3360 | D:5      | Lost mutation: Your muscles are strong. (Str +2) [potion of
                  | mutation]
  3360 | D:5      | Lost mutation: You are clumsy. (Dex -2) [potion of
                  | mutation]
  3360 | D:5      | Gained mutation: You evolve. [potion of mutation]
  3360 | D:5      | Gained mutation: You are covered in fur. (AC +1) [potion of
                  | mutation]
  3672 | D:5      | Found a glowing silver altar of Zin.
  3730 | D:6      | Reached ** piety under Makhleb
  3769 | D:5      | Reached skill level 6 in Shields
  4579 | D:6      | Gained mutation: You are robust. (+10% HP) [evolution]
  5024 | D:7      | Found Sosacuhe's Antique Weapon Shop.
  5027 | D:7      | Noticed Prince Ribbit
  5117 | D:7      | Gained mutation: You passively map the area around you.
                  | [Deep Dwarf growth]
  5117 | D:7      | Reached XP level 9. HP: 40/86 MP: 7/7
  5370 | D:7      | Found a runed translucent gate.
  5370 | D:7      | Found a runed translucent gate.
  5370 | D:7      | Found a runed translucent gate.
  5371 | D:7      | Noticed TangoThomas's ghost (novice BaGl)
  5457 | D:7      | HP: 2/86 [poisoned by a water moccasin]
  5458 | D:7      | Reached skill level 1 in Evocations
  5518 | D:7      | Found a staircase to the Ecumenical Temple.
  5612 | D:8      | Found Laph's Antique Weapon Shop.
  5685 | D:8      | Noticed an elephant
  5713 | D:8      | Found a transporter.
  5714 | D:8      | Noticed Walther's ghost (novice MiFi)
  5715 | D:8      | Noticed a two-headed ogre
  5740 | D:8      | Reached skill level 1 in Stealth
  5766 | D:9      | Reached skill level 5 in Fighting
  5778 | D:9      | Found a staircase to the Orcish Mines.
  5778 | D:9      | Noticed a troll
  5805 | D:8      | Reached skill level 7 in Shields
  6040 | D:9      | Noticed a troll
  6041 | D:9      | Identified the +3 ring mail of the Past {Slay+6}
  6296 | D:8      | Found a transporter.
  6309 | D:8      | Reached skill level 1 in Polearms
  6544 | D:8      | Found a staircase to the Lair.
  6650 | D:8      | Reached *** piety under Makhleb
  6688 | D:8      | Killed a troll
  6689 | D:8      | Reached skill level 8 in Shields
  6689 | D:8      | Reached XP level 10. HP: 65/96 MP: 5/5
  6884 | D:10     | Entered Level 10 of the Dungeon
  6924 | D:10     | Found Jieppawo's Mass Market.
  6977 | D:10     | Noticed a two-headed ogre
  7105 | D:11     | Noticed a purple ugly thing
  7154 | D:11     | Noticed a cyclops
  7213 | D:10     | Noticed Joseph
  7265 | D:10     | Killed Joseph
  7354 | D:10     | Noticed Gastronok
  7369 | D:10     | Found a sparkling altar of Nemelex Xobeh.
  7388 | D:10     | HP: 2/100 [troll (7)]
  7428 | D:10     | Gained mutation: You are partially covered in large bone
                  | plates. (SH +4) [evolution]
  7805 | D:9      | Reached skill level 9 in Shields
  7814 | D:9      | Reached **** piety under Makhleb
  7856 | D:9      | Killed an elephant
  7857 | D:9      | Reached skill level 5 in Polearms
  7863 | D:9      | Killed Prince Ribbit
  8228 | D:10     | Noticed PanSaczeczos's ghost (novice MiAK)
  8229 | D:10     | Found a transporter.
  8235 | D:10     | Found a transporter.
  8261 | D:10     | Found an ancient bone altar of Kikubaaqudgha.
  8261 | D:10     | Found a shimmering blue altar of Sif Muna.
  8362 | D:10     | Reached XP level 11. HP: 56/108 MP: 4/4
  8622 | D:10     | Killed a two-headed ogre
  8767 | D:11     | Noticed a deep elf zephyrmancer
  8770 | D:11     | Noticed a two-headed ogre
  8792 | D:11     | Killed a two-headed ogre
  8844 | D:11     | Paralysed by a hornet for 1 turns
  8873 | D:11     | Killed a deep elf zephyrmancer
  8874 | D:11     | Reached skill level 10 in Shields
  9218 | D:11     | Killed a purple ugly thing
  9222 | D:11     | Noticed a two-headed ogre
  9225 | D:11     | Reached XP level 12. HP: 119/119 MP: 5/5
  9230 | D:11     | Killed a two-headed ogre
  9257 | D:11     | Reached ***** piety under Makhleb
  9289 | D:11     | Noticed a boulder beetle
  9323 | D:11     | Killed a boulder beetle
  9453 | D:11     | Noticed a two-headed ogre
  9469 | D:11     | Killed a two-headed ogre
  9480 | D:11     | Noticed a centaur warrior
  9489 | D:11     | Killed a centaur warrior
  9569 | D:11     | Reached skill level 10 in Polearms
  9620 | D:11     | Gained mutation: Your flesh is cold resistant. (rC+)
                  | [evolution]
  9688 | D:11     | Reached skill level 5 in Dodging
  9736 | D:11     | Reached skill level 11 in Shields
  9951 | D:11     | Identified the +4 ring mail of the Dropbear {Rampage Dex+2}
 10323 | D:12     | Reached skill level 1 in Long Blades
 10327 | D:12     | Noticed a death knight
 10648 | D:12     | Mangled by a titanic slime creature

Illustrated notes

Levels and vault maps discovered:
D:1:      amcnicky_arrival_double_pillar, layout_basic, serial_shops,
          nicolae_shop_stone, amethyst_killhole
D:2:      layout_rooms, shapermc_ecumenical_altar_gd, serial_bayou_pond_a
D:3:      layout_basic, ebering_ghost_rock_garden, minmay_lizard_king,
          uniq_sigmund
D:4:      layout_cave_pools, old_standard_altar, minitemple, grunt_ministairs_9
D:5:      layout_rooms, zin_treasury, grunt_ministairs_9, minmay_starry_boxes,
          uniq_grinder, uniq_blork_the_orc
D:6:      layout_loops_ring, minmay_misc_feat_tiny
D:7:      layout_gridville, minmay_temple_entry_antechambers, serial_shops,
          shop, ebering_ghost_rock_garden, uniq_prince_ribbit1
D:8:      layout_basic, david_lair_generic, gammafunk_ghost_smash, serial_shops,
          shop
D:9:      layout_loops_cross, kennysheep_orc_monster_closet_entryway,
          minivault_25, amcnicky_mini_pool_small
D:10:     layout_loops_ring, gammafunk_temple_overflow_elements,
          gammafunk_ghost_hive, minmay_shop_mass, kennysheep_diamond,
          uniq_joseph, uniq_gastronok
D:11:     minmay_the_grid_4x2 [minmay_the_grid_armoury,
          minmay_the_grid_stretched_grid, minmay_the_grid_medium_cups,
          minmay_the_grid_rooms, minmay_the_grid_tri_star,
          minmay_the_grid_plusring, minmay_the_grid_mess,
          minmay_the_grid_prize_four_corners], layout_basic, serial_glass,
          glass_columns_a, glass_columns_a, glass_columns_a, glass_columns_b
D:12:     kb_forest_paths, layout_basic
D:13:     erik_rubicon_a, layout_irregular_city,
          nicolae_hepliaklqana_monster_ancestors, uniq_erolcha

Skill      XL: |  1  2  3  4  5  6  7  8  9 10 11 12 |
---------------+-------------------------------------+-----
Fighting       | 3 4 5 6 7 8 |  8.5
Shields        | 4 5 6 8 9 10 11 | 11.2
Axes           | 3 4 5 6 7 9 |  9.1
Armour         | 4 5 6 7 8 |  8.8
Throwing       | 1 2 3 4 |  4.1
Dodging        | 1 2 4 5 |  5.3
Evocations     | 2 |  2.1
Stealth        | 1 |  1.1
Polearms       | 2 5 8 10 | 10.5
Long Blades    | 1 |  1.0

Action                   |  1- 3 |  4- 6 |  7- 9 | 10-12 || total
-------------------------+-------+-------+-------+-------++-------
Melee: War axe           |   116 |   101 |   290 |       ||   507
       Trident           |       |       |   152 |   987 ||  1139
       Long sword        |       |       |       |    14 ||    14
Throw: Dart              |    24 |    21 |    45 |    15 ||   105
       Boomerang         |       |       |       |    14 ||    14
       Throwing net      |       |       |       |     1 ||     1
 Abil: Heal Wounds       |     1 |       |    17 |    14 ||    32
Evoke: Wand              |       |       |    29 |       ||    29
  Use: Potion            |       |     8 |     7 |     1 ||    16
       Scroll            |       |     4 |    12 |    13 ||    29
 Stab: Betrayed ally     |       |       |     1 |       ||     1
Armor: Scale mail        |    50 |       |       |       ||    50
       Chain mail        |    14 |    57 |   109 |       ||   180
       Plate armour      |       |       |   237 |   165 ||   402
       Ring mail         |       |       |       |   170 ||   170
Dodge: Dodged            |    26 |    16 |   142 |   234 ||   418
Block: Kite shield       |    79 |    54 |   378 |   809 ||  1320
       Rpst.: Long sword |       |       |       |     2 ||     2
